 Dungeon Crawl Stone Soup version 0.29.0-4-gdea44cf6ec (webtiles) character file.

Game seed: 10013862532138703652

19 qw the Chopper (level 2, -1/17 HPs)
             Began as a Tengu Warper on Aug 28, 2022.
             Slain by a gnoll
             ... wielding a +0 club
              (9 damage)
             ... on level 1 of the Dungeon.
             The game lasted 00:00:03 (741 turns).

qw the Chopper (Tengu Warper)                        Turns: 741, Time: 00:00:04

Health: -1/17      AC:  3    Str: 11    XL:     2   Next: 75%
Magic:  6/6        EV: 11    Int: 13    God:
Gold:   25         SH:  0    Dex: 13    Spells: 5/5 levels left

rFire   . . .      SeeInvis .   a - +0 hand axe
rCold   . . .      Faith    .   (no shield)
rNeg    . . .      Spirit   .   b - +0 leather armour
rPois   .          Reflect  .   (helmet restricted)
rElec   .          Harm     .   (no cloak)
rCorr   .          Rampage  .   (no gloves)
Will    .....                   (boots unavailable)
Stlth   +.........              (no amulet)
HPRegen 0.05/turn               (no ring)
MPRegen 0.10/turn               (no ring)

@: no status effects
A: beak, talons 3
a: no special abilities


You were on level 1 of the Dungeon.
You visited 1 branch of the dungeon, and saw 1 of its levels.

You collected 25 gold pieces.


Innate Abilities, Weirdness & Mutations

You have a beak for a mouth.
You have claws for feet.


   Skills:
 - Level 2.0 Fighting
 + Level 3.5 Axes
 - Level 1.0 Throwing
 - Level 1.1 Armour
 - Level 2.1 Dodging
 - Level 2.0 Spellcasting
 - Level 2.4 Translocations


You had 5 spell levels left.
You didn't know any spells.
Your spell library contained the following spells:

 Spells                   Type           Power      Damage    Failure   Level
 Blink                    Tloc           14%        N/A       19%         2
 Gell's Gravitas          Tloc           7%         N/A       36%         3
 Lesser Beckoning         Tloc           7%         N/A       36%         3
 Teleport Other           Tloc           7%         N/A       36%         3
 Manifold Assault         Tloc           7%         N/A       98%         5

Inventory:

Hand Weapons
 a - a +0 hand axe (weapon)
 e - a +0 club
Armour
 b - a +0 leather armour (worn)
 d - a +0 ring mail
 g - a +0 cloak
Jewellery
 h - a +6 ring of dexterity
Scrolls
 c - a scroll of blinking
 f - 3 scrolls of identify {unknown}
Potions
 i - a potion of might {unknown}

Dungeon Overview and Level Annotations

Branches:
Dungeon (1/15)

Altars:

Shops:
D:1 *


Message History

A kobold comes into view. It is wielding a +0 short sword.
Enter note: You closely miss the kobold.
The kobold barely misses you.
You hit the kobold. You claw the kobold.
You kill the kobold!
Things that are here:
a +0 short sword; a kobold corpse A dart slug comes into view.
You see here a +6 ring of dexterity.
The dart slug launches a dart at you. The slug dart hits you.
The dart slug launches a dart at you. The slug dart hits you.
You hit the dart slug.
You peck the dart slug, but do no damage.
The dart slug is heavily wounded.
The dart slug completely misses you.
You hit the dart slug but do no damage. Your kick misses the dart slug.
You peck the dart slug, but do no damage.
The dart slug is heavily wounded.
The dart slug bites you.
You hit the dart slug.
You kill the dart slug!
You start resting.
HP restored.
h - a +6 ring of dexterity You see here a dart slug corpse.
i - a viscous inky potion
Enter note: A gnoll comes into view. It is wielding a +0 club.
You closely miss the gnoll. Your kick misses the gnoll.
The gnoll hits you with a +0 club.
You barely miss the gnoll. You peck the gnoll, but do no damage.
The gnoll hits you with a +0 club.
You hit the gnoll.
The gnoll is heavily wounded.
The gnoll hits you with a +0 club!
Ouch! That really hurt!
You die...

.# ..# .. #.# #.##.. ..#.# .... #
..# #.##g#7 ######## #.# ...
#...@.777 #....... #.# ...
.####.##.######....... #.# #.##.#
#................. ###.####.##.#
#..#.######....... ......##.##.#
#..#....####......
............####....##....#......
...##............................
.......%..........#.#####.##)....
########...................#.....


You could see a gnoll.

Vanquished Creatures
  2 dart slugs (D:1)
  A ball python (D:1)
  An endoplasm (D:1)
  A giant cockroach (D:1)
  2 goblins (D:1)
  3 jackals (D:1)
  A frilled lizard (D:1)
  A kobold (D:1)
  2 rats (D:1)
14 creatures vanquished.

Vanquished Creatures (others)
  20 plants (D:1)
20 creatures vanquished.

Grand Total: 34 creatures vanquished

Notes
Turn   | Place    | Note
-------+----------+-------------------------------------------
     0 | D:1      | qw the Tengu Warper began the quest for the Orb.
     0 | D:1      | Reached XP level 1. HP: 12/12 MP: 4/4
     0 | D:1      | 0 ||| qw: Version: 0.1-a-89-g26bdef1
     0 | D:1      | 0 ||| qw: Game counter: 448
     0 | D:1      | 0 ||| qw: Always use a shield: true
     0 | D:1      | 0 ||| qw: God list: Okawaru
     0 | D:1      | 0 ||| qw: Allow faded altars: false
     0 | D:1      | 0 ||| qw: Do Orc after D:15 true
     0 | D:1      | 0 ||| qw: Do second Lair branch before Depths: true
     0 | D:1      | 0 ||| qw: Lair rune preference: random
     0 | D:1      | 0 ||| qw: Plans: Normal
     0 | D:1      | 0 ||| PLANNING D:1-11
   240 | D:1      | 240 ||| Stepping ~*~*~tactically~*~*~ (stealth).
   247 | D:1      | Reached skill level 3 in Axes
   247 | D:1      | Reached XP level 2. HP: 17/17 MP: 6/6
   279 | D:1      | 279 ||| Stepping ~*~*~tactically~*~*~ (stealth).
   280 | D:1      | 280 ||| Stepping ~*~*~tactically~*~*~ (stealth).
   379 | D:1      | Found Acoschysai's General Store.
   386 | D:1      | 386 ||| SHOPLISTING potion of mutation (104 gold, have 11).
   386 | D:1      | 386 ||| SHOPLISTING scroll of identify (26 gold, have 11).
   741 | D:1      | Slain by a gnoll

Levels and vault maps discovered:
D:1:      dpeg_arrival_rhombi, layout_basic, serial_shops, nicolae_diamond_shop,
          serial_forest, infiniplex_forest_end_1, infiniplex_forest_straight_3,
          infiniplex_forest_corner_1, infiniplex_forest_lined_3,
          serial_bayou_lagoon_a

Skill      XL: |  1 |
---------------+----+-----
Axes           | 3 |  3.5
Fighting       | |  2.0
Throwing       | |  1.0
Armour         | |  1.1
Dodging        | |  2.1
Spellcasting   | |  2.0
Translocations | |  2.4

Action                   || total
-------------------------++-------
Melee: Hand axe          ||    34
       Kick              ||     6
       Peck              ||     9
Throw: Boomerang         ||     7
Armor: Leather armour    ||     9
Dodge: Dodged            ||    10

Table legend:
 A = Non-vault XP
 B = Vault XP
 C = Vault XP percentage of total XP
 D = Non-vault monster count
 E = Vault monster count
 F = Vault count percentage of total count
                 A         B        C        D         E       F
            +---------+---------+-------+---------+---------+-------
      Total |      28 |       0 |   0.0 |      14 |       0 |   0.0
            +---------+---------+-------+---------+---------+-------
        D:1 |      28 |       0 |   0.0 |      14 |       0 |   0.0
            +---------+---------+-------+---------+---------+-------
